 Dungeon Crawl Stone Soup version 0.27-a0-732-ga892ba84f6 (webtiles) character file.

Game seed: 4967491870795159778

83 Lanoc the Ducker (level 4, -8/35 HPs)
             Began as a Djinni Warper on Mar 23, 2021.
             Mangled by an orc warrior
             ... wielding a +0 battleaxe
              (12 damage)
             ... on level 2 of the Dungeon.
             The game lasted 00:03:30 (3033 turns).

Lanoc the Ducker (Djinni Warper)                    Turns: 3033, Time: 00:03:31

Health: -8/35      AC:  3    Str: 10    XL:     4   Next: 44%
Magic:  0/0        EV: 12    Int: 15    God:
Gold:   61         SH:  0    Dex: 13    Spells: 0/9 levels left

rFire    + + .     SeeInvis .   a - +0 spear
rCold    x . .     Faith    .   (no shield)
rNeg     . . .     Spirit   .   b - +0 leather armour
rPois    ∞         Reflect  .   (no helmet)
rElec    .         Harm     .   (no cloak)
rCorr    .         Rampage  .   (no gloves)
Will     .....                  (boots unavailable)
Stlth    +.........             (no amulet)
HPRegen  0.11/turn              (no ring)
MPRegen  0.00/turn              (no ring)

@: flying
A: fire resistance 2, cold vulnerability 1, float, innate caster, hp casting,
extra vitality 1
a: no special abilities


You were on level 2 of the Dungeon.
You visited 1 branch of the dungeon, and saw 2 of its levels.

You collected 61 gold pieces.

Inventory:

Hand Weapons
 a - a +0 spear (weapon)
Missiles
 e - 2 boomerangs of dispersal (quivered)
 i - 6 datura-tipped darts
Armour
 b - a +0 leather armour (worn)
Scrolls
 c - a scroll of vulnerability {unknown}
 d - a scroll of blinking
 g - 3 scrolls of identify {unknown}
 m - a scroll of noise {unknown}
 n - a scroll of teleportation {unknown}
Potions
 f - a potion of flight {unknown}
 h - 2 potions of resistance {unknown}
 j - a potion of curing {unknown}
 k - a potion of might {unknown}
 l - a potion of heal wounds {unknown}


   Skills:
 + Level 3.1 Fighting
 - Level 1.7 Polearms
 - Level 0.8 Throwing
 - Level 1.0 Armour
 + Level 3.3 Dodging
 + Level 3.3 Spellcasting


You couldn't memorise any spells.
You knew the following spells:

 Your Spells              Type           Power      Damage    Failure   Level
a - Blink                 Tloc           N/A        N/A       11%         2
b - Pain                  Necr           48%        1d6       7%          1
c - Lesser Beckoning      Tloc           6%         N/A       21%         3
d - Teleport Other        Tloc           12%        N/A       21%         3
e - Manifold Assault      Tloc           12%        N/A       56%         4
f - Gell's Gravitas       Tloc           6%         N/A       21%         3
Your spell library was empty.

Dungeon Overview and Level Annotations

Branches:
Dungeon (2/15)

Altars:
Nemelex Xobeh

Annotations:
D:2 1 runed translucent door, Crazy Yiuf, Natasha


Innate Abilities, Weirdness & Mutations

You are immune to poison.
Your flesh is very heat resistant. (rF++)
You are vulnerable to cold. (rC-)
You float through the air rather than walking.
You learn spells naturally, not from books.
Your magical power is your life essence.
You have superior vitality. (+4 HP)


Message History

Aiming: Pain (safe; 7% risk of failure)
Press: ? - help, Shift-Dir - straight line, f - orc warrior
Aim: an orc warrior, wielding a +0 battleaxe and wearing a +0 chain mail (wandering, hasn't noticed you, chance to affect: 68%)
The orc warrior shouts!
The orc warrior writhes in agony.
You hear a shout!
Casting: Pain (safe; 7% risk of failure)
Confirm with . or Enter, or press ? or * to list all spells.
Aiming: Pain (safe; 7% risk of failure)
Press: ? - help, Shift-Dir - straight line, f/p - orc warrior
Aim: an orc warrior, wielding a +0 battleaxe and wearing a +0 chain mail (lightly wounded, chance to affect: 68%)
The orc warrior writhes in agony.
Casting: Pain (safe; 7% risk of failure)
Confirm with . or Enter, or press ? or * to list all spells.
Aiming: Pain (safe; 7% risk of failure)
Press: ? - help, Shift-Dir - straight line, f/p - orc warrior
Aim: an orc warrior, wielding a +0 battleaxe and wearing a +0 chain mail (moderately wounded, chance to affect: 68%)
The orc warrior writhes in agony.
Casting: Pain (safe; 7% risk of failure)
Confirm with . or Enter, or press ? or * to list all spells.
Aiming: Pain (safe; 7% risk of failure)
Press: ? - help, Shift-Dir - straight line, f/p - orc warrior
Aim: an orc warrior, wielding a +0 battleaxe and wearing a +0 chain mail (heavily wounded, chance to affect: 68%)
The orc warrior writhes in agony.
Throw: 4 boomerangs (disperse)
Press: ? - help, Q - select action, (/) - cycle Shift-Dir - straight line, f/p - orc warrior
Aim: an orc warrior, wielding a +0 battleaxe and wearing a +0 chain mail (heavily wounded, 53% to hit)
You throw a boomerang of dispersal.
The boomerang of dispersal barely misses the orc warrior.
The orc priest shouts!
The orc warrior hits you with a +0 battleaxe! x2
* * * LOW HITPOINT WARNING * * *
The orc priest miscasts a cantrip.
Throw: 3 boomerangs (disperse)
Press: ? - help, Q - select action, (/) - cycle Shift-Dir - straight line, f/p - orc warrior
Aim: an orc warrior, wielding a +0 battleaxe and wearing a +0 chain mail (heavily wounded, 53% to hit)
You throw a boomerang of dispersal.
The boomerang of dispersal barely misses the orc warrior.
The orc warrior hits you with a +0 battleaxe!
You die...

####.....#.....h......#.# #. #
'.....#...>...o....#.# #.
######.#.....#.......h..###.####
##....#.#.....#.#'###'#o..o÷....#
......'...o.....#.###.######....#
##....#.#....##.#.#...######....#
##.)..+.o.............#....'....'
.'....#.#...o.#o..#...#.####....#
##....#.#o###.#.@.#...#.#........
#....#.#.###.#...#...#.#.#######
######.#o#.#o#...#...#.#.# #..
#.#.#.#.#.#...#...#.#.# #.#
#.....o.#.#.........#.#####.#
#.#.#.#.#.....#.#.#.#..o..o.#
#.#.#.#.####......#.#.#######
#.#.#.#.# ####.###.#########
#####.#.#.#<# #.# #..........


You could see an orc warrior and an orc priest.

Vanquished Creatures
  Natasha (D:2)
  2 adders (D:2)
  2 worms (D:2)
  2 dart slugs (D:1)
  A bat (D:1)
  3 goblins
  2 hobgoblins
  3 jackals (D:2)
  4 oozes
  A frilled lizard (D:1)
  4 kobolds (D:1)
  5 rats
30 creatures vanquished.

Notes
Turn   | Place    | Note
-------+----------+-------------------------------------------
     0 | D:1      | Lanoc the Djinni Warper began the quest for the Orb.
     0 | D:1      | Reached XP level 1. HP: 18/18 MP: 0/0
   382 | D:1      | Reached XP level 2. HP: 23/23 MP: 0/0
  1396 | D:2      | Reached XP level 3. HP: 29/29 MP: 0/0
  1396 | D:2      | Learned a level 1 spell: Pain
  1651 | D:2      | Found a sparkling altar of Nemelex Xobeh.
  1938 | D:2      | Noticed Natasha
  1962 | D:2      | Killed Natasha
  1963 | D:2      | Reached XP level 4. HP: 23/34 MP: 0/0
  2687 | D:2      | Noticed an orc warrior
  2712 | D:2      | Noticed Natasha
  2966 | D:2      | Found a runed translucent door.
  2967 | D:2      | Noticed Crazy Yiuf
  3033 | D:2      | Mangled by an orc warrior

Illustrated notes

Levels and vault maps discovered:
D:1:      eino_arrival_druids_welcome, layout_basic, patterned_corridor
D:2:      layout_basic, lemuel_doored_altar, uniq_crazy_yiuf_cottage,
          uniq_natasha

Skill      XL: |  1  2  3  4 |
---------------+-------------+-----
Spellcasting   | 3 |  3.3
Dodging        | 3 |  3.3
Fighting       | 3 |  3.1
Polearms       | |  1.7
Throwing       | |  0.8
Armour         | |  1.0

Action                   |  1- 3 |  4- 6 || total
-------------------------+-------+-------++-------
Melee: Spear             |   115 |    22 ||   137
Throw: Boomerang         |     1 |     2 ||     3
 Cast: Pain              |     3 |     6 ||     9
       Blink             |     1 |       ||     1
Armor: Leather armour    |    24 |     4 ||    28
Dodge: Dodged            |    51 |    14 ||    65

Table legend: (Time is in decaauts)
 A = Elapsed time spent in this place.
 B = Non-inter-level travel time spent in this place.
 C = Inter-level travel time spent in this place.
 D = Time resting spent in this place.
 E = Time spent auto-exploring this place.
 F = Levels seen in this place.
 G = Mean time per level.
                   A        B        C        D        E       F      G
               +--------+--------+--------+--------+--------+-----+--------+
         Total |   3036 |   2955 |     81 |      0 |   2630 |   2 | 1518.0 |
       Dungeon |   3036 |   2955 |     81 |      0 |   2630 |   2 | 1518.0 |
               +--------+--------+--------+--------+--------+-----+--------+

Top non-repeatable levels by time:
     D:2: 1834 daAuts
     D:1: 1202 daAuts
